 Dungeon Crawl Stone Soup version 0.31-a0-1267-gfedaa18580 (webtiles) character file.

Game seed: 7410791184163412802

55 Fodor the Covered (level 3, -3/33 HPs)
             Began as a Minotaur Fighter on Dec 16, 2023.
             Slain by Sigmund
             ... wielding a +0 scythe
              (5 damage)
             ... on level 2 of the Dungeon.
             The game lasted 00:04:35 (972 turns).

Fodor the Covered (Minotaur Fighter)                 Turns: 972, Time: 00:04:36

Health: -3/33      AC: 12    Str: 22    XL:     3   Next: 67%
Magic:  2/2        EV:  6    Int:  5    God:
Gold:   37         SH:  4    Dex:  9    Spells: 2/2 levels left

rFire   . . .        a - +0 war axe
rCold   . . .        c - +0 buckler
rNeg    . . .        j - +0 plate armour
rPois   .            (helmet restricted)
rElec   .            (no cloak)
rCorr   .            (no gloves)
SInv    .            (no boots)
Will    .....        (no amulet) Stlth
                     (no ring)
HPRegen 0.25/turn    (no ring)
MPRegen 0.08/turn

%: no passive effects
@: mighty
A: horns 2, retaliatory headbutt
a: no special abilities


You were on level 2 of the Dungeon.
You visited 1 branch of the dungeon, and saw 2 of its levels.

You collected 37 gold pieces.

Inventory:

Hand Weapons
 a - a +0 war axe (weapon)
Missiles
 f - 3 boomerangs (quivered)
Armour
 c - a +0 buckler (worn)
 j - a +0 plate armour (worn)
Scrolls
 b - a scroll of poison {unknown}
 e - 2 scrolls of teleportation {unknown}
 g - a scroll of torment {unknown}
 h - a scroll of blinking {unknown}
 i - a scroll of vulnerability {unknown}


   Skills:
 + Level 4.0 Fighting
 + Level 3.0 Axes
 + Level 4.4 Armour
 + Level 0.8 Dodging
 + Level 4.1 Shields


You had 2 spell levels left.
You didn't know any spells.
Your spell library was empty.

Dungeon Overview and Level Annotations

Branches:
Dungeon (2/15)

Altars:

Annotations:
D:2 Sigmund


Innate Abilities, Weirdness & Mutations

You have a pair of horns on your head.
You reflexively headbutt those who attack you in melee.


Message History

You barely miss something. Something hits you but does no damage.
You miss something.
Sigmund appears from thin air!
Reactivating autopickup.
Sigmund hits you with a +0 scythe.
* * * LOW HITPOINT WARNING * * *
You hit Sigmund but do no damage.
Sigmund is moderately wounded.
Sigmund gestures at you while chanting.
The magic dart hits you but does no damage.
You closely miss Sigmund. Your headbutt misses Sigmund.
Sigmund is moderately wounded.
Sigmund breathes a few words.
Sigmund's hands start flickering wildly.
You block Sigmund's attack.
You hit Sigmund but do no damage.
Sigmund is moderately wounded.
Sigmund hits you with a +0 scythe.
* * * LOW HITPOINT WARNING * * *
You closely miss Sigmund.
Sigmund is moderately wounded.
You block Sigmund's attack.
You barely miss Sigmund.
Sigmund is moderately wounded.
Sigmund hits you with a +0 scythe.
* * * LOW HITPOINT WARNING * * *
You barely miss Sigmund. You headbutt Sigmund.
Sigmund is moderately wounded.
Sigmund hits you with a +0 scythe.
* * * LOW HITPOINT WARNING * * *
You hit Sigmund.
Sigmund is moderately wounded.
Sigmund hits you but does no damage.
You hit Sigmund.
Sigmund is heavily wounded.
Sigmund casts a spell at you. The puff of flame misses you.
You feel very mighty all of a sudden. Sigmund hits you with a +0 scythe.
You die...
Sigmund begins carving another notch in his scythe.

#.# #.# #.# # ###
#.# .#
.....###.#######
#.# #.....<.....#..
...
#.#.###.###.#.###.#
# #.# #.#.#...# .#
#.# #.#.#@### ..#
#.###.#.#@###...#
#.#......†......#
#....>...........
###.#.#.#†###....
#.#.#.#.# ...
..#.#.#.# .# ..
..#.#.# . ###
###....


You could see Sigmund.

Vanquished Creatures
  An adder (D:2)
  3 dart slugs (D:1)
  3 ball pythons (D:1)
  4 bats (D:1)
  3 endoplasms (D:1)
  A giant cockroach (D:1)
  3 goblins (D:1)
  3 hobgoblins (D:1)
  6 jackals
  A kobold (D:1)
  2 quokkas
  2 frilled lizards (D:1)
  2 rats (D:1)
34 creatures vanquished.

Notes
Turn   | Place    | Note
-------+----------+-------------------------------------------
     0 | D:1      | Fodor the Minotaur Fighter began the quest for the Orb.
     0 | D:1      | Reached XP level 1. HP: 19/19 MP: 0/0
   126 | D:1      | Reached XP level 2. HP: 27/27 MP: 1/1
   636 | D:1      | Reached XP level 3. HP: 33/33 MP: 2/2
   926 | D:2      | Noticed Sigmund
   969 | D:2      | HP: 1/33 [Sigmund/+0 scythe (2)]
   972 | D:2      | Slain by Sigmund

Illustrated notes

Levels and vault maps discovered:
D:1:      saegor_arrival_simple_d, layout_basic, serial_glass, glass_columns_a,
          glass_columns_b, minmay_misc_feat_rugged
D:2:      layout_loops_ring, dreamdust_ecumenical_altar_statues, uniq_sigmund

Skill      XL: |  1  2  3 |
---------------+----------+-----
Armour         | 4 |  4.4
Shields        | 4 |  4.1
Fighting       | 4 |  4.0
Axes           | 3 |  3.0
Dodging        | |  0.8

Action                     || total
---------------------------++-------
  Melee: War axe           ||   104
         Headbutt          ||    11
    Use: Potion            ||     1
 Armour: Scale mail        ||    56
         Plate armour      ||    60
  Dodge: Dodged            ||    52
  Block: Buckler           ||    25

Table legend: (Time is in decaauts)
 A = Elapsed time spent in this place.
 B = Non-inter-level travel time spent in this place.
 C = Inter-level travel time spent in this place.
 D = Time resting spent in this place.
 E = Time spent auto-exploring this place.
 F = Levels seen in this place.
 G = Mean time per level.
                   A        B        C        D        E       F      G
               +--------+--------+--------+--------+--------+-----+--------+
         Total |   1012 |    979 |     33 |     43 |      0 |   2 |  506.0 |
       Dungeon |   1012 |    979 |     33 |     43 |      0 |   2 |  506.0 |
               +--------+--------+--------+--------+--------+-----+--------+

Top non-repeatable levels by time:
     D:1: 912 daAuts
     D:2: 100 daAuts
